 Dungeon Crawl Stone Soup version 0.19-a0-1895-g783e625 (webtiles) character file.

109132 zxpr0jk the Nimble (level 16, -10/135 HPs)
             Began as a Grey Draconian Ice Elementalist on Oct 18, 2016.
             Was the Champion of Cheibriados.
             Mangled by a white very ugly thing (35 damage)
             ... on level 1 of the Depths.
             The game lasted 02:07:28 (25068 turns).

zxpr0jk the Nimble (DrIE)                          Turns: 25068, Time: 02:07:29

Health: -10/135    AC: 27    Str: 30    XL:     16   Next: 4%
Magic:  13/30      EV: 31    Int: 36    God:    Cheibriados [******]
Gold:   2376       SH: 20    Dex: 35    Spells: 9 memorised, 11 levels left

rFire  + . .     SeeInvis .     p - +10 sword of Jihad {holy, *Rage rN+ EV+3}
rCold  . . .     Gourm    .     (armour unavailable)
rNeg   + . .     Faith    .     B - +4 shield
rPois  +         Spirit   .     (helmet restricted)
rElec  +         Reflect  +     a - +0 cloak (curse)
rCorr  .         Harm     .     s - -1 pair of gloves of the Unseen Realm {*Drain Str+4 Dex+4} (curse)
MR     +....     Rnd*Rage +     m - +2 pair of boots
Stlth  +++++..... Rnd*Tele +    A - +3 amulet of reflection
                                H - +4 ring of evasion
                                t - +3 ring of intelligence

@: icy armour, about to teleport, appendage, flying, very slow
A: walk through water, unfitting armour, big wings, horns 2, stinger 1, talons
2, blink, blurry vision 1, fire resistance 1, poison resistance, electricity
resistance, teleportitis 1, unbreathing, cold-blooded, AC +14
a: Stop Flying, End Transformation, Blink, Bend Time, Temporal Distortion,
Slouch, Step From Time, Renounce Religion


You were on level 1 of the Depths.
You worshipped Cheibriados.
Cheibriados was exalted by your worship.
You were not hungry.
You had grown temporary horns.
You visited 5 branches of the dungeon, and saw 25 of its levels.
You also visited: Trove.

You collected 2473 gold pieces.
You spent 97 gold pieces at shops.

Inventory:

Hand Weapons
 p - the +10 sword of Jihad (weapon) {holy, *Rage rN+ EV+3}
   (You found it on level 12 of the Dungeon)

   It has been blessed by the Shining One to cause great damage to the undead
   and demons.
   It affects your evasion (+3).
   It protects you from negative energy.
   It may make you go berserk in combat.
Missiles
 g - 10 javelins (quivered)
Armour
 a - a cursed +0 cloak (worn)
 m - a +2 pair of boots (worn)
 s - the cursed -1 pair of gloves of the Unseen Realm (worn) {*Drain Str+4 Dex+4}
   (You found it on level 3 of the Lair of Beasts)

   It affects your strength (+4).
   It affects your dexterity (+4).
   It causes draining when unequipped.
   It has a curse placed upon it.
 B - a +4 shield (worn)
Rods
 K - a +9 lightning rod (15/15)
   (You found it in a treasure trove)
Jewellery
 t - a +3 ring of intelligence (left hand)
 v - the ring of Iceuros {+Blink rPois}
   (You found it on level 4 of the Dungeon)

   [ring of poison resistance]

   It protects you from poison.
   It lets you blink.
 A - a +3 amulet of reflection (around neck)
 H - a +4 ring of evasion (right hand)
 J - an uncursed ring of see invisible
Wands
 q - a wand of slowing (26/48)
 y - a wand of teleportation (4/9)
 D - a wand of heal wounds (0/9)
 I - a wand of teleportation (2/9)
Scrolls
 c - 3 scrolls of magic mapping
 d - 2 scrolls of amnesia
 f - 3 scrolls of recharging
 j - 2 scrolls of fog
 l - 3 scrolls of teleportation
 o - 2 scrolls of enchant weapon
 r - a scroll of identify
 u - a scroll of remove curse
 w - 3 scrolls of fear
 C - 3 scrolls of blinking
Potions
 e - 2 potions of lignification
 k - 8 potions of curing
 E - a potion of brilliance
 G - a potion of ambrosia
Books
 i - a book of Burglary

   Spells                             Type                      Level
   a - Swiftness                      Charms/Air                   2
   b - Passwall                       Transmutation/Earth          2
   c - Passage of Golubria            Translocation                4
   d - Lee's Rapid Deconstruction     Earth                        5
   e - Darkness                       Hexes                        6
   f - Invisibility                   Hexes                        6
Miscellaneous
 F - 2 phantom mirrors
Comestibles
 b - 8 bread rations
 h - 3 meat rations
 n - 2 beef jerkies


   Skills:
 - Level 10.4 Fighting
 - Level 7.2 Long Blades
 - Level 10.8 Dodging
 - Level 8.5 Stealth
 - Level 5.0 Shields
 + Level 2.4 Unarmed Combat
 - Level 10.1 Spellcasting
   Level 1.0 Conjurations
 - Level 2.8 Charms
 - Level 2.5 Summonings
 - Level 3.1 Necromancy
 + Level 2.8 Translocations
 - Level 3.5 Transmutations
 - Level 10.7 Ice Magic
 - Level 10.3 Earth Magic
 * Level 7.4 Invocations
 - Level 10.6 Evocations


You had 11 spell levels left.
You knew the following spells:

 Your Spells              Type           Power        Failure   Level  Hunger
a - Freeze                Ice            ####         1%          1    None
b - Ozocubu's Armour      Chrm/Ice       ######..     1%          3    None
c - Summon Ice Beast      Ice/Summ       ######..     8%          4    None
d - Beastly Appendage     Tmut           #####.       1%          1    None
e - Spider Form           Tmut/Pois      ####......   14%         3    None
f - Regeneration          Chrm/Necr      #####.....   10%         3    None
g - Vampiric Draining     Necr           #####.....   10%         3    None
h - Apportation           Tloc           #####.....   2%          1    None
i - Lee's Rapid Deconstr  Erth           #######...   4%          5    ##.....


Dungeon Overview and Level Annotations

Branches:
Dungeon (15/15) Temple (1/1) D:4 Lair (6/6) D:10 Shoals (0/4) Lair:4 Spider (0/4) Lair:3 Slime (0/5) Lair:5 Orc (2/2) D:9 Elf (0/3) Orc:2 Vaults (0/5) D:12 D:13 Depths (1/5) D:15

Altars:
Ashenzari
Cheibriados
Dithmenos
Elyvilon
Fedhas
Gozag
Hepliaklqana
Kikubaaqudgha
Makhleb
Nemelex Xobeh
Okawaru
Qazlal
Ru
Sif Muna
Trog
Uskayaw
Vehumet
Xom
Yredelemnul
Zin
The Shining One
Beogh
Lugonu

Shops:
D:10 [   D:12 (   D:14 *   D:15 *   Orc:2 [(}(

Portals:
Hell: Depths:1
Abyss: Depths:1

Annotations:
D:3 Sigmund
Lair:5 exclusion: 2 oklob plants


Innate Abilities, Weirdness & Mutations

You can walk through water.
Your dull iron-grey scales are very hard. (AC +14)
You cannot fit into any form of body armour.
You can survive without breathing.
You are cold-blooded and may be slowed by cold attacks.
Your large and strong wings let you fly indefinitely.
You have a pair of horns on your head.
Your tail ends in a poisonous barb.
You have razor-sharp toenails.
You can translocate small distances at will.
Scrolls take you a little longer to read.
Your flesh is heat resistant. (rF+)
Your system is resistant to poisons. (rPois)
You are resistant to electric shocks. (rElec)
You are occasionally teleported next to monsters.


Message History

Your skill with magical items lets you calculate the power of this device...
This wand has 2 charges left.
The white very ugly thing completely misses you.
You riposte.
You slash the white very ugly thing!
You tail-slap the white very ugly thing, but do no damage.
The white very ugly thing is severely wounded.
You block the red very ugly thing's attack.
Your ice beast closely misses the red ugly thing.
You feel better.
You block the white very ugly thing's attack.
You block the red very ugly thing's attack.
Your ice beast barely misses the red ugly thing.
Unknown command.
You slash the white very ugly thing! You headbutt the white very ugly thing!
You tail-slap the white very ugly thing, but do no damage.
The white very ugly thing is almost dead.
The white very ugly thing stings you.
* * * LOW HITPOINT WARNING * * *
The white very ugly thing freezes you!!
You die...

..#######...#....)#..###
..##∩...#...'.###'####
..'#....#...#.#....#
..##....'.#'###...##
..##....#.#...#..##
..#######.#...##.#
...#....'.'....#'#
...'....#.#....'.#
..##....#.#....#@## ######## #..
..#.....######.#uu###..#...####..
###'##..# ###uu.....#......#..
.)...##### #Y......#......'.#
......#... #....##........#'#
......#...#### ##.....##........#
.....##.....[# #..#....##..#'#'#
#....#.....<.## #..#......###.'..
#....##....).)#+#.#..........###[


You could see 2 very ugly things, 2 ugly things and a friendly ice beast.

Vanquished Creatures
  Rupert (Lair:3)
  A lich (Depths:1)
  A fire giant (Depths:1)
  A frost giant (Depths:1)
  Louise (D:15)
  3 stone giants (Depths:1)
  A very ugly thing (Depths:1)
  Nessos (D:13)
  4 dire elephants (Lair:6)
  Snorg (D:13)
  3 ettins
  A fire dragon (Depths:1)
  4 hydras
  A rakshasa (Depths:1)
  The ghost of urga the Spear-Bearer, a journeyman HuWn of Nemelex Xobeh (Lair:1)
  4 centaur warriors
  Erica (D:11)
  An anaconda (Lair:6)
  An ogre mage (Depths:1)
  2 tengu warriors
  The ghost of CanOfBees the Cleaver, a novice FoFi of Okawaru (D:7)
  A titan zombie (D:15)
  Urug (D:13)
  A vampire mage (Depths:1)
  3 large abominations (Depths:1)
  3 orc high priests (Orc:2)
  Nergalle (Lair:3)
  3 skeletal warriors
  A wizard (Depths:1)
  4 unseen horrors
  2 hill giants
  3 orc knights
  2 flayed ghosts
  Pikel (D:9)
  The ghost of MisterAzrael the Basher, a novice MiAK of Lugonu (D:6)
  A wolf spider zombie (D:13)
  A tengu zombie (D:15)
  3 deep elf magi
  A necromancer (D:15)
  2 cyclopes (D:15)
  3 manticores
  11 ugly things
  A wolf spider (Lair:3)
  5 orc sorcerers
  A tengu skeleton (D:15)
  5 elephants
  2 black mambas
  A black mamba (shapeshifter) (D:12)
  A guardian serpent (D:15)
  A gargoyle (D:12)
  8 spiny frogs
  3 yaktaurs (Depths:1)
  A kobold demonologist (D:12)
  A freezing wraith (D:14)
  8 komodo dragons
  3 tengu conjurers (Depths:1)
  5 trolls
  A jumping spider (shapeshifter) (Depths:1)
  A jumping spider (Lair:3)
  2 polar bears (D:14)
  2 hornets (D:10)
  Grinder (D:6)
  5 two-headed ogres
  22 blink frogs
  A wind drake (shapeshifter) (Depths:1)
  11 slime creatures (Depths:1)
  10 hippogriffs
  4 dream sheep (Lair:6)
  2 shadows
  A vampire (D:11)
  A spriggan (shapeshifter) (Depths:1)
  A wraith (D:14)
  A redback (Lair:3)
  23 yaks
  8 small abominations (Depths:1)
  A wyvern (D:11)
  3 hogs (D:10)
  2 basilisks
  13 humans
  7 vampire mosquitoes
  A steam dragon (D:10)
  2 chaos spawn (Depths:1)
  4 hungry ghosts
  4 wargs
  A mottled dragon (D:15)
  7 porcupines
  10 water moccasins
  21 orc warriors
  3 black bears
  A hornet zombie (D:11)
  2 sky beasts
  4 phantoms
  2 ice beasts
  11 ogres
  9 necrophages
  4 wolves (Lair:5)
  11 centaurs
  10 crocodiles
  4 big kobolds
  Blork the orc (D:6)
  16 bullfrogs
  3 scorpions
  16 wights
  8 killer bees
  A howler monkey (D:12)
  An electric eel (Lair:1)
  10 crimson imps
  A bullfrog zombie (D:12)
  4 centaur zombies
  2 jellies
  8 hounds
  18 orc priests
  3 bullfrog skeletons
  13 orc wizards
  3 centaur skeletons
  Ijyb (D:3)
  3 iguanas
  A hell rat (D:5)
  21 worker ants
  A hound skeleton (D:10)
  12 adders
  10 gnolls
  A howler monkey skeleton (D:6)
  6 river rats (D:5)
  3 shadow imps
  2 oozes
  2 adder skeletons
  An adder zombie (D:7)
  2 worms
  4 dart slugs
  5 leopard geckos
  48 orcs
  11 bats
  2 giant cockroaches (D:1)
  7 hobgoblins
  9 jackals
  2 quokkas
  7 frilled lizards
  12 goblins
  15 kobolds
  39 rats
  A plant (D:6)
700 creatures vanquished.

Vanquished Creatures (collateral kills)
  A sphinx (Depths:1)
  A very ugly thing (Depths:1)
  2 hydras
  A death knight (D:14)
  2 ogre magi
  A hill giant (D:12)
  A lindwurm (shapeshifter) (Depths:1)
  3 orc knights
  2 cyclopes
  2 ugly things
  A black mamba (Lair:4)
  3 elephants
  A spiny frog (Lair:6)
  A yaktaur (Depths:1)
  A rime drake (Lair:6)
  A tengu conjurer (D:11)
  2 hornets
  3 two-headed ogres
  4 blink frogs (Lair:5)
  2 dream sheep (Lair:6)
  4 hippogriffs
  A basilisk (Lair:4)
  2 humans (D:13)
  A vampire mosquito (D:11)
  2 wargs
  A mottled dragon (D:15)
  A tengu zombie (D:15)
  4 orc warriors
  A sky beast (D:11)
  6 ogres
  2 centaurs
  2 wolves (Lair:5)
  A gnoll sergeant (D:7)
  A wight (D:9)
  A hound (D:8)
  5 orc priests
  6 orc wizards
  A shadow imp (D:11)
  21 orcs
98 creatures vanquished.

Vanquished Creatures (others)
  3 yaktaurs (Depths:1)
  A tengu conjurer (D:15)
  3 slaves (D:9)
  A centaur (D:15)
  A wight (D:9)
  An orc (D:9)
  20 fungi
  9 plants
39 creatures vanquished.

Grand Total: 837 creatures vanquished

Notes
Turn   | Place    | Note
-------+----------+-------------------------------------------
     0 | D:1      | zxpr0jk the Draconian Ice Elementalist began the quest for the Orb.
     0 | D:1      | Reached XP level 1. HP: 14/14 MP: 3/3
   187 | D:1      | Reached XP level 2. HP: 16/20 MP: 5/5
   749 | D:1      | Reached XP level 3. HP: 17/26 MP: 6/6
  1440 | D:2      | Reached XP level 4. HP: 33/33 MP: 8/8
  1591 | D:2      | Learned a level 3 spell: Ozocubu's Armour
  1596 | D:2      | Learned a level 4 spell: Summon Ice Beast
  1623 | D:2      | Found a hazy altar of Hepliaklqana.
  2374 | D:3      | Noticed Ijyb
  2389 | D:3      | Killed Ijyb
  2411 | D:3      | Reached XP level 5. HP: 35/38 MP: 3/9
  2807 | D:3      | Noticed Sigmund
  2817 | D:4      | Noticed a hungry ghost
  2838 | D:4      | Got a translucent silver ring
  2856 | D:4      | Killed a hungry ghost
  2856 | D:4      | Reached skill level 5 in Ice Magic
  2856 | D:4      | Reached XP level 6. HP: 21/45 MP: 8/11
  3081 | D:4      | Identified the ring of Iceuros {+Blink rPois} (You found it on level 4 of the Dungeon)
  3664 | D:4      | Your scales start taking on a dull iron-grey colour.
  3664 | D:4      | Reached XP level 7. HP: 50/50 MP: 7/12
  3664 | D:4      | Gained mutation: You can survive without breathing. [Grey Draconian growth]
  3730 | D:4      | Found a staircase to the Ecumenical Temple.
  3740 | D:4      | Reached skill level 5 in Stealth
  3746 | Temple   | Entered the Ecumenical Temple
  4021 | D:4      | Found a snail-covered altar of Cheibriados.
  4021 | D:4      | Found a shimmering altar of Xom.
  4168 | D:4      | Became a worshipper of Cheibriados the Contemplative
  4246 | D:5      | Entered Level 5 of the Dungeon
  4407 | D:5      | Found a sparkling altar of Nemelex Xobeh.
  4585 | D:5      | Found a shadowy altar of Dithmenos.
  4587 | D:5      | Found an iron altar of Okawaru.
  4587 | D:5      | Found a shattered altar of Ashenzari.
  4588 | D:5      | Found a bloodstained altar of Trog.
  4588 | D:5      | Found a deep blue altar of Sif Muna.
  4637 | D:5      | Found an ancient bone altar of Kikubaaqudgha.
  4743 | D:5      | Reached * piety under Cheibriados
  5242 | D:5      | Reached XP level 8. HP: 57/57 MP: 14/14
  5331 | D:5      | Found a blossoming altar of Fedhas.
  5382 | D:6      | Noticed MisterAzrael's ghost (novice MiAK)
  5410 | D:6      | Killed MisterAzrael's ghost
  5485 | D:6      | Noticed Grinder
  5502 | D:6      | Killed Grinder
  5502 | D:6      | Reached ** piety under Cheibriados
  5764 | D:6      | Reached skill level 5 in Spellcasting
  5808 | D:6      | Noticed a manticore
  5819 | D:6      | HP: 2/57 [manticore (1)]
  5824 | D:6      | Killed a manticore
  5824 | D:6      | Reached XP level 9. HP: 16/62 MP: 1/17
  6003 | D:6      | Gained mutation: You occasionally shout uncontrollably at your foes. [potion of mutation]
  6003 | D:6      | Gained mutation: Your mind is acute. (Int +2) [potion of mutation]
  6003 | D:6      | Gained mutation: You are somewhat resistant to further mutation. [potion of mutation]
  6138 | D:6      | Noticed Blork the orc
  6153 | D:6      | Reached *** piety under Cheibriados
  6246 | D:6      | Killed Blork the orc
  6384 | D:6      | Learned a level 1 spell: Beastly Appendage
  6388 | D:6      | Learned a level 3 spell: Spider Form
  6906 | D:7      | Noticed CanOfBees's ghost (novice FoFi)
  6986 | D:7      | Killed CanOfBees's ghost
  7247 | D:7      | Found a radiant altar of Vehumet.
  7410 | D:7      | Reached XP level 10. HP: 9/69 MP: 16/19
  7753 | D:7      | Reached **** piety under Cheibriados
  7766 | D:7      | Found a deep blue altar of Sif Muna.
  8045 | D:7      | Found a sacrificial altar of Ru.
  8181 | D:8      | Learned a level 3 spell: Regeneration
  8218 | D:8      | Found a glowing golden altar of the Shining One.
  8264 | D:8      | Reached skill level 10 in Ice Magic
  8540 | D:8      | Found a burning altar of Makhleb.
  8571 | D:8      | Lost mutation: You occasionally shout uncontrollably at your foes. [potion of cure mutation]
  8571 | D:8      | Lost mutation: Your mind is acute. (Int +2) [potion of cure mutation]
  8571 | D:8      | Lost mutation: You are somewhat resistant to further mutation. [potion of cure mutation]
  8572 | D:8      | Gained mutation: You are resistant to electric shocks. (rElec) [potion of mutation]
  8572 | D:8      | Gained mutation: You are clumsy. (Dex -2) [potion of mutation]
  8572 | D:8      | Gained mutation: You regenerate slowly when monsters are visible. [potion of mutation]
  8573 | D:8      | Lost mutation: You are resistant to electric shocks. (rElec) [potion of cure mutation]
  8573 | D:8      | Lost mutation: You are clumsy. (Dex -2) [potion of cure mutation]
  8941 | D:9      | Reached ***** piety under Cheibriados
  8949 | D:9      | Noticed Pikel
  8960 | D:9      | Killed Pikel
  9006 | D:9      | Found a staircase to the Orcish Mines.
  9553 | D:10     | Entered Level 10 of the Dungeon
  9600 | D:10     | Reached skill level 5 in Dodging
  9678 | D:10     | Found a staircase to the Lair.
  9966 | D:10     | Found an ancient bone altar of Kikubaaqudgha.
 10015 | D:10     | Found Jucyl Iwn's Armour Shoppe.
 10017 | D:10     | Reached XP level 11. HP: 73/73 MP: 23/23
 10027 | D:10     | Lost mutation: You regenerate slowly when monsters are visible. [potion of cure mutation]
 10088 | D:10     | Reached skill level 1 in Shields
 10120 | D:10     | Killed an unseen horror
 10130 | D:10     | Got a scintillating ruby amulet
 10748 | D:11     | Identified the amulet "Cytzoh" {RegenMP rF+} (You found it on level 10 of the Dungeon)
 11025 | D:11     | Noticed Erica
 11036 | D:11     | Killed Erica
 11128 | D:11     | Noticed a centaur warrior
 11177 | D:11     | Killed a centaur warrior
 11195 | D:11     | Gained mutation: Your large and strong wings let you fly indefinitely. [mutagenic meat]
 11198 | D:11     | Gained mutation: You are dopey. (Int -2) [mutagenic meat]
 11217 | D:11     | Gained mutation: Your body sometimes deteriorates upon taking damage. [mutagenic meat]
 11220 | D:11     | Gained mutation: Your magical capacity is low. (-10% MP) [mutagenic meat]
 11283 | D:11     | Reached ****** piety under Cheibriados
 11571 | D:11     | Reached skill level 5 in Shields
 11581 | D:11     | Learned a level 3 spell: Vampiric Draining
 12122 | D:11     | Gained mutation: Your flesh is heat resistant. (rF+) [potion of beneficial mutation]
 12180 | D:11     | Noticed a tengu warrior
 12199 | D:11     | Killed a tengu warrior
 12393 | D:12     | Found Duwn's Weapon Shoppe.
 12763 | D:12     | Reached skill level 10 in Dodging
 12763 | D:12     | Reached XP level 12. HP: 81/81 MP: 18/21
 13019 | D:12     | Found a portal to a secret trove of treasure.
 13161 | Trove    | Entered a treasure trove
 13216 | D:13     | Found a gate to the Vaults.
 13216 | D:13     | Noticed Nessos
 13216 | D:13     | Noticed Urug
 13381 | Lair:1   | Entered Level 1 of the Lair of Beasts
 13423 | Lair:1   | Learned a level 1 spell: Apportation
 13423 | Lair:1   | Identified a +1 rod of clouds (14/14) (You found it in a treasure trove)
 13481 | Lair:1   | Reached skill level 1 in Evocations
 13694 | Lair:1   | Noticed urga's ghost (journeyman HuWn)
 13696 | Lair:1   | Noticed a five-headed hydra
 13877 | Lair:1   | Killed a five-headed hydra
 13973 | Lair:1   | Killed urga's ghost
 13973 | Lair:1   | Reached skill level 5 in Evocations
 15132 | Lair:3   | Got a pair of translucent gloves
 15143 | Lair:3   | Identified the cursed -1 pair of gloves of the Unseen Realm {*Drain Str+4 Dex+4} (You found it on level 3 of the Lair of Beasts)
 15278 | Lair:3   | Noticed a five-headed hydra
 15282 | Lair:3   | Killed a five-headed hydra
 15293 | Lair:3   | Noticed a four-headed hydra
 15304 | Lair:3   | Killed a four-headed hydra
 15391 | Lair:3   | Noticed Nergalle
 15396 | Lair:3   | Noticed Rupert
 15397 | Lair:3   | Killed Nergalle
 15409 | Lair:3   | Killed Rupert
 15612 | Lair:3   | Noticed a six-headed hydra
 15621 | Lair:3   | Killed a six-headed hydra
 15621 | Lair:3   | Reached XP level 13. HP: 81/86 MP: 16/22
 15707 | Lair:3   | Found a hole to the Spider Nest.
 15832 | Lair:3   | Reached skill level 10 in Evocations
 16514 | Lair:4   | Found a staircase to the Shoals.
 16524 | Lair:4   | Reached skill level 1 in Charms
 16524 | Lair:4   | Reached skill level 1 in Necromancy
 16524 | Lair:4   | Reached skill level 1 in Transmutations
 16675 | Lair:4   | Reached skill level 1 in Summonings
 17320 | Lair:5   | Found a staircase to the Slime Pits.
 17661 | Lair:6   | Entered Level 6 of the Lair of Beasts
 17703 | Lair:6   | Reached skill level 1 in Fighting
 17808 | Lair:6   | Got an encrusted morningstar
 17881 | Lair:6   | Identified the +3 morningstar of Impermanence {freeze, +Rage Str-4 Int+2} (You found it on level 6 of the Lair of Beasts)
 18117 | Lair:6   | Reached skill level 5 in Fighting
 18628 | Lair:6   | Noticed a dire elephant
 18628 | Lair:6   | Noticed a dire elephant
 18645 | Lair:6   | Killed a dire elephant
 18645 | Lair:6   | Reached XP level 14. HP: 40/114 MP: 3/23
 19156 | Lair:6   | Reached skill level 1 in Long Blades
 19294 | Lair:1   | Identified a +0 rod of ignition (13/13) (You found it on level 6 of the Lair of Beasts)
 19464 | Orc:1    | Entered Level 1 of the Orcish Mines
 19501 | Orc:1    | Found a roughly hewn altar of Beogh.
 20073 | Orc:2    | Entered Level 2 of the Orcish Mines
 20107 | Orc:2    | Found a staircase to the Elven Halls.
 20362 | Orc:2    | Reached skill level 5 in Long Blades
 20648 | Orc:2    | Found Ywec's Antique Weapon Shop.
 20648 | Orc:2    | Found Gys Hali's Armour Emporium.
 20650 | Orc:2    | Found Efaimipn's Weapon Shop.
 20650 | Orc:2    | Found Moaraz's Gadget Emporium.
 20661 | Orc:2    | Bought a cursed +0 cloak for 22 gold pieces
 20830 | Orc:1    | Reached skill level 10 in Fighting
 21485 | D:13     | Gained mutation: You are occasionally teleported next to monsters. [mutagenic meat]
 21505 | D:13     | Killed Nessos
 21526 | D:13     | Noticed Snorg
 21538 | D:13     | Killed Snorg
 21559 | D:13     | Gained mutation: Your system is resistant to poisons. (rPois) [mutagenic meat]
 21564 | D:13     | Lost mutation: Your body sometimes deteriorates upon taking damage. [mutagenic meat]
 21567 | D:13     | Gained mutation: You have sharp toenails. [mutagenic meat]
 21570 | D:13     | Lost mutation: Your flesh is heat resistant. (rF+) [mutagenic meat]
 21596 | D:13     | Killed Urug
 21758 | D:13     | Learned a level 5 spell: Lee's Rapid Deconstruction
 21865 | D:13     | Reached skill level 1 in Earth Magic
 22323 | D:14     | Gained mutation: You are resistant to electric shocks. (rElec) [potion of beneficial mutation]
 22585 | D:14     | Found Kihif's General Store.
 22593 | D:14     | Bought a scroll of enchant weapon for 75 gold pieces
 22649 | D:14     | Found a bloodstained altar of Trog.
 22813 | D:14     | Found a shadowy altar of Dithmenos.
 22907 | D:14     | Gained mutation: Scrolls take you a little longer to read. [mutagenic meat]
 22910 | D:14     | Lost mutation: You are dopey. (Int -2) [mutagenic meat]
 22913 | D:14     | Gained mutation: You can translocate small distances at will. [mutagenic meat]
 22916 | D:14     | Gained mutation: Your tail ends in a poisonous barb. [mutagenic meat]
 22981 | D:15     | Entered Level 15 of the Dungeon
 22998 | D:15     | Found an opulent altar of Gozag.
 23002 | D:15     | Found Gozag's Platinum Reserve.
 23147 | D:15     | Reached XP level 15. HP: 128/128 MP: 25/25
 23240 | D:15     | Reached skill level 5 in Earth Magic
 23241 | D:15     | Found a staircase to the Depths.
 23598 | D:15     | Reached skill level 10 in Spellcasting
 23620 | D:15     | Gained mutation: You have razor-sharp toenails. [mutagenic meat]
 23626 | D:15     | Gained mutation: Your flesh is heat resistant. (rF+) [mutagenic meat]
 23629 | D:15     | Lost mutation: Your magical capacity is low. (-10% MP) [mutagenic meat]
 23636 | D:15     | Noticed Louise
 23646 | D:15     | Killed Louise
 23816 | Depths:1 | Entered Level 1 of the Depths
 23921 | Depths:1 | Noticed a frost giant
 23937 | Depths:1 | Killed a frost giant
 24050 | Depths:1 | Reached skill level 10 in Earth Magic
 24067 | Depths:1 | Noticed a fire giant
 24077 | Depths:1 | Killed a fire giant
 24077 | Depths:1 | Reached skill level 1 in Invocations
 24208 | Depths:1 | Noticed a sphinx
 24218 | Depths:1 | Killed a sphinx
 24531 | Depths:1 | Reached skill level 5 in Invocations
 24565 | Depths:1 | Found a gateway to Hell.
 24640 | Depths:1 | Noticed a lich
 24653 | Depths:1 | Killed a lich
 24653 | Depths:1 | Reached skill level 1 in Unarmed Combat
 24653 | Depths:1 | Reached skill level 1 in Translocations
 24946 | Depths:1 | Found a one-way gate to the infinite horrors of the Abyss.
 25049 | Depths:1 | Reached XP level 16. HP: 58/135 MP: 16/30
 25068 | Depths:1 | Mangled by a white very ugly thing

Vault maps used:
D:1:      erik_arrival_blinker_ship, minmay_unequal
D:2:      nicolae_overflow_hidden_temple
D:3:      ecumenical_altar_2, uniq_iyjb, uniq_sigmund
D:4:      gammafunk_temple_overflow_wave, kennysheep_small_square
D:5:      lemuel_ratsnest, kiku_gazebo_pond_becter,
          nemelex_xobeh_ov_fountains_minmay, grunt_temple_overflow_open,
          fedhas_altar_4, first_bread, serial_bayou
D:6:      serial_bayou_lagoon_a, fountainhead, grunt_ministairs_9,
          minmay_unpleasant_kobolds, uniq_grinder, uniq_blork_the_orc
D:7:      kennysheep_orc_sif_temple, nicolae_overflow_crystal_walls,
          kennysheep_little_box
D:8:      tso_altar, makhleb_grotto_becter
D:9:      orc_0_dummy, uniq_pikel
D:10:     erik_lair_orcish_takeover, serial_shops, shop, basic_altar,
          grunt_livestock
D:11:     minmay_checkerbox, uniq_erica
D:12:     serial_shops, nicolae_shop_stone, enter_trove_6
D:13:     david_vaults_3, uniq_snorg
D:14:     hangedman_decor_lopped, serial_shops, nicolae_shop_trees, basic_altar,
          trog_ov_bears_minmay
D:15:     gammafunk_depths_entry_grave, nicolae_gozag_zags_fifth_avenue,
          hangedman_decor_riveting, nrook_mini_backslash,
          nrook_guardian_serpent_double, uniq_louise
Temple:   corrupted_temple
Lair:1:   lab_entry_generic, grunt_megastairs_3, infiniplex_staircase_pool,
          lemuel_fruit_fields
Lair:2:   roderic_carrion_pond, lemuel_fruit_fields
Lair:3:   spider_nest_entry_funnel_web, nicolae_quartered_pool_super,
          lemuel_fruit_fields, uniq_rupert, uniq_nergalle
Lair:4:   minmay_shoals_entry_beasts
Lair:5:   dpeg_slime_entry_corner, disabler_island
Lair:6:   due_jungle_book, hangedman_lair_unloving_vines
Orc:1:    basic_altar
Orc:2:    grunt_orc_tribal_feast
Depths:1: minmay_room_of_horrors, serial_sigils, serial_sigils_hangedman_clutch,
          serial_sigils_hangedman_gut, serial_sigils_hangedman_leer,
          serial_sigils_hangedman_gut, hell_entry
Trove:    trove_misc_throne_room

Skill      XL: |  1  2  3  4  5  6  7  8  9 10 11 12 13 14 15 |
---------------+----------------------------------------------+-----
Stealth        | 2 3 4 6 7 8 |  8.5
Ice Magic      | 4 5 6 8 9 10 | 10.7
Spellcasting   | 3 4 5 6 8 9 10 | 10.1
Dodging        | 3 5 10 | 10.8
Shields        | 5 |  5.0
Evocations     | 9 10 | 10.6
Charms         | 2 |  2.8
Necromancy     | 3 |  3.1
Transmutations | 3 |  3.5
Summonings     | 2 |  2.5
Fighting       | 7 10 | 10.4
Long Blades    | 7 |  7.2
Earth Magic    | 4 10 | 10.3
Invocations    | 7 |  7.4
Unarmed Combat | 2 |  2.4
Translocations | 2 |  2.8
Conjurations   | |  1.0

Action                   |  1- 3 |  4- 6 |  7- 9 | 10-12 | 13-15 | 16-18 || total
-------------------------+-------+-------+-------+-------+-------+-------++-------
Melee: Unarmed           |    13 |       |    12 |       |       |       ||    25
       Dagger            |    16 |       |       |       |       |       ||    16
       Tailslap          |    14 |    17 |    59 |   142 |   289 |     6 ||   527
       Short sword       |   109 |   104 |       |       |       |       ||   213
       Flail             |       |    69 |   330 |   115 |       |       ||   514
       Headbutt          |       |       |     2 |    36 |   177 |     7 ||   222
       Scimitar          |       |       |       |   252 |       |       ||   252
       Kick              |       |       |       |    15 |       |       ||    15
       Eudemon blade     |       |       |       |   157 |   864 |    10 ||  1031
Throw: Stone             |       |     3 |       |     2 |       |       ||     5
       Tomahawk          |       |       |     2 |     2 |       |       ||     4
       Javelin           |       |       |       |       |    10 |       ||    10
 Cast: Freeze            |     8 |    56 |    93 |    77 |    38 |     1 ||   273
       Ozocubu's Armour  |       |     5 |    12 |    43 |    53 |       ||   113
       Summon Ice Beast  |       |       |    11 |    51 |    87 |     1 ||   150
       Beastly Appendage |       |       |     3 |    23 |    48 |       ||    74
       Spider Form       |       |       |     1 |       |     1 |       ||     2
       Lee's Rapid Decon |       |       |       |       |     1 |       ||     1
       Vampiric Draining |       |       |       |       |       |     1 ||     1
 Abil: Evoke Blink       |       |       |       |     1 |     1 |       ||     2
       Fly               |       |       |       |       |     1 |       ||     1
       End Transformatio |       |       |       |       |     1 |       ||     1
Evoke: Rod               |       |       |       |    24 |     8 |       ||    32
       Wand              |       |       |       |     3 |     5 |     1 ||     9
  Use: Scroll            |       |     4 |    16 |    20 |     6 |       ||    46
       Potion            |       |     1 |     7 |    12 |     7 |     2 ||    29
 Stab: Sleeping          |     3 |     7 |     5 |    15 |    30 |       ||    60
       Distracted        |       |     1 |     2 |     5 |    15 |       ||    23
       Fleeing           |       |       |       |       |     1 |       ||     1
  Eat: Chunk             |     1 |    11 |     9 |    16 |    33 |       ||    70
       Pizza             |       |       |     1 |       |       |       ||     1
       Meat ration       |       |       |       |     2 |       |       ||     2
       Bread ration      |       |       |       |       |     1 |       ||     1
Armor: Skin              |    54 |    94 |   236 |   317 |   142 |     2 ||   845
Dodge: Dodged            |   104 |   171 |   346 |   678 |   730 |    10 ||  2039
Block: Buckler           |       |       |       |   106 |       |       ||   106
       Shield            |       |       |       |   200 |  1032 |    12 ||  1244
       Reflection        |       |       |       |       |    45 |       ||    45
       Rpst.: Scimitar   |       |       |       |    90 |       |       ||    90
       Eudemon blade     |       |       |       |    55 |   164 |     4 ||   223
